 Dungeon Crawl Stone Soup version 0.16-a0-3467-gfe061fe (webtiles) character file.

16126 NewYearsCrawler the Severer (level 12, -1/81 HPs)
             Began as a Formicid Fighter on Jan 2, 2015.
             Was a High Priest of Okawaru.
             Shot with an arrow by a centaur warrior (17 damage)
             ... on level 13 of the Dungeon.
             The game lasted 00:32:11 (17080 turns).

NewYearsCrawler the Severer (Formicid Fighter)     Turns: 17080, Time: 00:32:11

Health: -1/81      AC: 10    Str: 28    XL:     12   Next: 66%
Magic:  16/16      EV: 10    Int: 11    God:    Okawaru [*****.]
Gold:   970        SH: 13    Dex: 14    Spells: 0 memorised, 11 levels left

rFire  . . .     SeeInvis +     t - +0 battleaxe
rCold  . . .     Clarity  .     h - +2 ring mail {rN+} (curse)
rNeg   + . .     SustAb   .     c - +0 shield
rPois  +         Gourm    .     (helmet unavailable)
rElec  .         Spirit   .     L - +1 cloak of the Boiling Point {Str+3 Dex+4}
rCorr  .         Warding  .     M - +1 pair of gloves
rMut   .         Stasis   +     v - +0 pair of boots
MR     +....                    J - amulet of faith
Stlth  +.........               (no ring)
                                I - ring of poison resistance

@: somewhat resistant to hostile enchantments, very unstealthy
A: permanent stasis, dig shafts and tunnels, four strong arms, antennae 3,
blurry vision 2, clever 1, deformed body, regeneration 1, screaming 1, placid
magic 2, MP-powered wands 2
a: Dig, Shaft Self, Heroism, Renounce Religion


You were on level 13 of the Dungeon.
You worshipped Okawaru.
Okawaru was extremely pleased with you.
You were very hungry.

You visited 1 branch of the dungeon, and saw 13 of its levels.

You collected 970 gold pieces.

Inventory:

Hand weapons
 a - a +1 war axe
 t - a +0 battleaxe (weapon)
Missiles
 g - 7 tomahawks (quivered)
 k - 14 javelins
Armour
 c - a +0 shield (worn)
 h - a cursed +2 ring mail of positive energy (worn)
 v - a +0 pair of boots (worn)
 L - the +1 cloak of the Boiling Point (worn) {Str+3 Dex+4}
   (Okawaru gifted it to you on level 9 of the Dungeon)

   It affects your strength (+3).
   It affects your dexterity (+4).
 M - a +1 pair of gloves (worn)
Jewellery
 s - an uncursed amulet of resist corrosion
 I - a ring of poison resistance (left hand)
 J - an amulet of faith (around neck)
Magical devices
 e - a wand of enslavement (16)
 i - a wand of disintegration (14)
 w - a wand of magic darts (32)
 z - a wand of random effects (6)
 B - a wand of enslavement (0)
 D - a wand of lightning (8)
 G - a wand of cold (5)
 H - a wand of flame (4)
 K - a wand of confusion (16)
 N - a wand of lightning (4)
Scrolls
 m - 8 scrolls of identify
 n - 2 scrolls of fear
 p - 4 scrolls of recharging
 u - a scroll of remove curse
 x - 2 scrolls of magic mapping
 y - 2 scrolls of enchant armour
 A - a scroll of enchant weapon
 O - a scroll of fog {unknown}
Potions
 f - a potion of brilliance
 q - 2 potions of cancellation
 C - a potion of might
 E - a potion of flight
 F - a potion of agility
Books
 P - a book of Hinderance

   Spells                             Type                      Level
   a - Confusing Touch                Hexes                        2
   b - Confuse                        Hexes                        3
   c - Petrify                        Transmutation/Earth          4
   d - Metabolic Englaciation         Hexes/Ice                    5
   e - Summon Mana Viper              Hexes/Summoning              5
   f - Gell's Gravitas                Hexes/Translocation          6
Comestibles
 b - 4 beef jerkies
 d - 12 bread rations
 j - 27 fruits
 l - 4 royal jellies
 r - 5 meat rations


   Skills:
 - Level 3.2 Fighting
 * Level 16.9 Axes
 - Level 3.2 Armour
 - Level 10.6 Shields


You had 11 spell levels left.
You didn't know any spells.

Dungeon Overview and Level Annotations

Branches:
Dungeon (13/15)            Temple (0/1) D:7            Lair (0/8) D:9
    Orc (0/4) D:10
 Vaults: D:13-14

Altars:
Dithmenos
Elyvilon
Fedhas
Gozag
Kikubaaqudgha
Nemelex Xobeh
Okawaru
Ru
Sif Muna
Trog
Vehumet
Xom
Yredelemnul
Zin
The Shining One

Shops:
D:7 [   D:11 [[*[

Annotations:
D:10 NewYearsCrawler's ghost, powerful FoFi


Innate Abilities, Weirdness & Mutations

You are under a permanent stasis effect.
You can dig through walls and to a lower floor.
Your four strong arms can wield two-handed weapons with a shield.
You have a pair of large antennae on your head (SInv).
Scrolls take you longer to read.
Your mind is acute. (Int +2)
Armour fits poorly on your strangely shaped body.
Your natural rate of healing is unusually fast.
You occasionally shout uncontrollably at your foes.
Your spells are easier to cast, but less powerful.
You expend magic power (6 MP) to strengthen your wands.


Message History

The centaur shoots an arrow.
You block the arrow.
You see here 5 arrows.
Drink which item? (? for menu, Esc to quit)
You feel better.
The centaur shoots an arrow.
The arrow hits you.
The centaur warrior shoots an arrow.
You block the arrow.
You retract your mandibles.
The centaur shoots an arrow.
You block the arrow.
The centaur shoots an arrow.
You block the arrow.
The centaur wields a shortbow.
The centaur shoots an arrow.
The arrow closely misses you.
You see here 3 arrows.
Use which ability? (? or * to list)
You extend your mandibles.
You dig through the rock wall.
Unknown command.
You retract your mandibles.
You barely miss the ice beast.
The centaur warrior shoots an arrow.
The arrow hits you!
* * * LOW HITPOINT WARNING * * *
You block the ice beast's attack.
The centaur warrior shoots an arrow.
The arrow hits you!
You die...

..#### ?#.... #(...#
#####....# #.##.#
#......#.# #.##.#
### #..(.#...
#..#.## #.###).#...#
##.#..###.#...(#c###
#.##.##.....##cc#
#.##.......c.##Y#
#.####........(@#
#.###.....>.....#
#...#.>.......###
####....#.....##
#....#.........#
.......#.......#
.......#.......#
......###.....##
.....<####...##


You could see a centaur warrior, an ice beast and 3 centaurs.

Vanquished Creatures
  An unseen horror (D:12)
  Pikel (D:6)
  3 hill giants
  2 cyclopes (D:12)
  3 ugly things (D:12)
  Joseph (D:9)
  2 centaur skeletons
  A gargoyle (D:12)
  A komodo dragon (D:9)
  2 two-headed ogres
  A hungry ghost (D:12)
  12 yaks
  3 hippogriffs
  2 deep elf magi
  A shadow (D:12)
  2 black bears
  A steam dragon (D:10)
  3 wargs (D:10)
  2 water moccasins
  A swamp drake (D:9)
  A necrophage (D:6)
  2 ice beasts (D:8)
  An eye of draining (D:11)
  3 phantoms
  A sky beast (D:8)
  A slave (D:6)
  12 centaurs
  5 ogres
  4 orc warriors
  A crocodile (D:9)
  7 giant frogs
  A big kobold (D:11)
  A wyvern zombie (D:11)
  Blork the orc (D:9)
  A wyvern skeleton (D:9)
  3 scorpions
  10 wights
  7 killer bees
  2 goliath beetles
  6 orc priests
  3 centaur zombies
  A giant frog zombie (D:5)
  A gnoll shaman (D:8)
  4 crimson imps
  2 giant frog skeletons
  3 quasits
  5 hounds
  4 jellies
  8 iguanas
  19 orc wizards
  Natasha (thrice) (D:3)
  2 sheep (D:12)
  9 worker ants
  Ijyb (D:6)
  A hound zombie (D:5)
  2 hound skeletons
  2 mummies
  A worker ant zombie (D:10)
  3 gnolls (D:8)
  A giant mite (D:7)
  12 adders
  5 shadow imps
  A white imp (D:3)
  2 worms
  5 adder skeletons
  4 giant geckos
  An ooze (D:2)
  43 orcs
  5 ball pythons
  A bat zombie (D:5)
  6 giant cockroaches
  22 hobgoblins
  12 jackals
  22 kobolds
  13 bats
  A giant gecko skeleton (D:6)
  6 giant newts
  8 goblins
  2 jackal zombies (D:7)
  4 quokkas
  A quokka zombie (D:7)
  13 rats
  2 ballistomycetes (D:7)
381 creatures vanquished.

Vanquished Creatures (others)
  2 slaves (D:6)
  A crocodile (D:9)
  A worm (D:3)
  A bat (D:6)
  A giant spore (D:7)
  A kobold (D:6)
7 creatures vanquished.

Grand Total: 388 creatures vanquished

Notes
Turn   | Place    | Note
--------------------------------------------------------------
     0 | D:1      | NewYearsCrawler, the Formicid Fighter, began the quest for the Orb.
     0 | D:1      | Reached XP level 1. HP: 18/18 MP: 1/1
   371 | D:1      | Reached skill level 4 in Shields
   542 | D:1      | Reached XP level 2. HP: 24/24 MP: 3/3
   735 | D:1      | Found a sparkling altar of Nemelex Xobeh.
   989 | D:2      | Reached XP level 3. HP: 24/29 MP: 4/4
  1205 | D:2      | Reached skill level 5 in Shields
  1430 | D:2      | Reached XP level 4. HP: 9/35 MP: 5/5
  2101 | D:3      | Noticed Natasha
  2114 | D:3      | Killed Natasha
  2212 | D:3      | Found a sacrificial altar of Ru.
  2213 | D:3      | Found an iron altar of Okawaru.
  2222 | D:3      | Became a worshipper of Warmaster Okawaru
  2305 | D:3      | Reached XP level 5. HP: 16/41 MP: 7/7
  2520 | D:3      | Found a glowing golden altar of the Shining One.
  2520 | D:3      | Found a basalt altar of Yredelemnul.
  2522 | D:3      | Noticed an angel
  2535 | D:3      | Noticed a profane servitor
  2574 | D:3      | Noticed Natasha
  2588 | D:3      | Killed Natasha
  2764 | D:3      | Noticed Natasha
  2775 | D:3      | Killed Natasha
  2839 | D:3      | Reached skill level 6 in Shields
  3387 | D:3      | Found a glowing silver altar of Zin.
  3713 | D:4      | Reached XP level 6. HP: 43/47 MP: 8/8
  3866 | D:4      | Reached skill level 7 in Shields
  3934 | D:4      | Acquired Okawaru's first power
  3961 | D:4      | Reached XP level 7. HP: 52/52 MP: 9/9
  4078 | D:4      | Found a radiant altar of Vehumet.
  4082 | D:4      | Identified Vehumet's Incunabulum of Attacks
  4086 | D:4      | Found an ancient bone altar of Kikubaaqudgha.
  4090 | D:4      | Identified Kikubaaqudgha's Papyrus of Necromancy
  4094 | D:4      | Found a deep blue altar of Sif Muna.
  4098 | D:4      | Identified Sif Muna's Handbook of Combat Magic
  4438 | D:5      | Entered Level 5 of the Dungeon
  4804 | D:5      | Found a shimmering altar of Xom.
  4901 | D:5      | Reached skill level 5 in Axes
  4904 | D:5      | Reached skill level 8 in Shields
  5108 | D:5      | Found a bloodstained altar of Trog.
  5179 | D:5      | Reached XP level 8. HP: 40/58 MP: 11/11
  6113 | D:6      | Reached skill level 9 in Shields
  6640 | D:6      | Reached XP level 9. HP: 62/64 MP: 12/12
  6772 | D:6      | Noticed Pikel
  6800 | D:6      | Killed Pikel
  6800 | D:6      | Reached skill level 10 in Shields
  7354 | D:6      | Noticed Ijyb
  7408 | D:6      | Killed Ijyb
  7702 | D:6      | Found an opulent altar of Gozag.
  7796 | D:7      | Found a staircase to the Ecumenical Temple.
  8243 | D:7      | Found Klabb's Armour Emporium.
  8814 | D:7      | Reached skill level 10 in Axes
  8814 | D:7      | Reached XP level 10. HP: 36/70 MP: 13/13
  9087 | D:8      | Gained mutation: Scrolls take you a little longer to read. [mutagenic meat]
  9088 | D:8      | Gained mutation: Your mind is acute. (Int +2) [mutagenic meat]
  9089 | D:8      | Gained mutation: You expend magic power (3 MP) to slightly strengthen your wands. [mutagenic meat]
  9112 | D:8      | Noticed a hill giant
  9380 | D:8      | Reached skill level 11 in Axes
  9391 | D:8      | Found a shadowy altar of Dithmenos.
  9402 | D:8      | Found a white marble altar of Elyvilon.
  9599 | D:8      | Killed a hill giant
  9777 | D:8      | Found a blossoming altar of Fedhas.
  9883 | D:9      | Noticed Joseph
  9902 | D:9      | Killed Joseph
  9902 | D:9      | Reached skill level 12 in Axes
 10324 | D:9      | Noticed Blork the orc
 10371 | D:9      | Killed Blork the orc
 10778 | D:9      | Acquired Okawaru's second power
 10989 | D:9      | Reached XP level 11. HP: 67/75 MP: 15/15
 10997 | D:9      | Received a gift from Okawaru
 11002 | D:9      | Got a transparent cloak {god gift}
 11007 | D:9      | Reached skill level 13 in Axes
 11032 | D:9      | Identified the +1 cloak of the Boiling Point {Str+3 Dex+4} (Okawaru gifted it to you on level 9 of the Dungeon)
 11250 | D:9      | Found a staircase to the Lair.
 11395 | D:10     | Entered Level 10 of the Dungeon
 11422 | D:10     | Found a staircase to the Orcish Mines.
 11480 | D:10     | Noticed NewYearsCrawler's ghost (powerful FoFi)
 12353 | D:9      | Reached skill level 14 in Axes
 12939 | D:11     | Noticed a hill giant
 14009 | D:11     | Killed a hill giant
 14250 | D:11     | Noticed a hill giant
 14574 | D:11     | Found Acricuopp's Antique Armour Shop.
 14590 | D:11     | Found Erpheitto's Armour Emporium.
 14608 | D:11     | Found Placoarr's General Store.
 14692 | D:11     | Found Waula's Antique Armour Shoppe.
 15301 | D:11     | Reached skill level 15 in Axes
 15655 | D:12     | Noticed a cyclops
 15722 | D:12     | Killed a cyclops
 15722 | D:12     | Received a gift from Okawaru
 15810 | D:12     | Noticed a hill giant
 15821 | D:12     | Killed a hill giant
 15821 | D:12     | Reached XP level 12. HP: 38/81 MP: 16/16
 16023 | D:12     | Noticed a green ugly thing
 16034 | D:12     | Killed a green ugly thing
 16038 | D:12     | Gained mutation: You occasionally shout uncontrollably at your foes. [mutagenic meat]
 16039 | D:12     | Gained mutation: Your spells are a little easier to cast, but a little less powerful. [mutagenic meat]
 16074 | D:12     | Noticed a brown ugly thing
 16081 | D:12     | Killed a brown ugly thing
 16085 | D:12     | Gained mutation: Your natural rate of healing is unusually fast. [mutagenic meat]
 16086 | D:12     | Gained mutation: Scrolls take you longer to read. [mutagenic meat]
 16088 | D:12     | Lost mutation: Your mind is acute. (Int +2) [mutagenic meat]
 16089 | D:12     | Gained mutation: Your spells are easier to cast, but less powerful. [potion of mutation]
 16089 | D:12     | Gained mutation: You expend magic power (6 MP) to strengthen your wands. [potion of mutation]
 16091 | D:12     | Gained mutation: Your mind is acute. (Int +2) [potion of mutation]
 16091 | D:12     | Gained mutation: Armour fits poorly on your strangely shaped body. [potion of mutation]
 16100 | D:12     | Noticed a cyclops
 16118 | D:12     | Killed a cyclops
 16118 | D:12     | Reached skill level 16 in Axes
 16161 | D:12     | Noticed a brown ugly thing
 16171 | D:12     | Killed a brown ugly thing
 16561 | D:12     | Noticed an unseen horror
 16569 | D:12     | Killed an unseen horror
 17062 | D:13     | Noticed a centaur warrior
 17080 | D:13     | Shot with an arrow by a centaur warrior

Action                   |  1- 3 |  4- 6 |  7- 9 | 10-12 || total
-------------------------+-------+-------+-------+-------++-------
Melee: War axe           |   103 |   244 |   258 |   388 ||   993
       Whip              |       |       |   217 |   117 ||   334
       Battleaxe         |       |       |       |   331 ||   331
Throw: Javelin           |       |       |     9 |       ||     9
       Tomahawk          |       |       |    12 |       ||    12
Invok: Heroism           |       |       |       |     4 ||     4
 Abil: Dig               |       |     2 |     3 |    17 ||    22
  Use: Potion            |     3 |     4 |     5 |    11 ||    23
       Scroll            |       |     6 |     4 |     2 ||    12
 Stab: Fleeing           |       |       |       |     1 ||     1
  Eat: Chunk             |     1 |    10 |    11 |    38 ||    60
       Bread ration      |       |       |     1 |       ||     1
